 Dungeon Crawl Stone Soup version 0.21-a0-52-gbf49515 (webtiles) character file.

578 nikopol the Conjurer (level 7, -3/37 HPs)
             Began as a Deep Elf Conjurer on June 13, 2017.
             Slain by a centaur warrior zombie (5 damage)
             ... in an ossuary.
             The game lasted 00:20:16 (4001 turns).

nikopol the Conjurer (Deep Elf Conjurer)            Turns: 4001, Time: 00:20:17

Health: -3/37      AC:  5    Str:  5    XL:     7   Next: 13%
Magic:  16/19      EV: 13    Int: 22    God:
Gold:   166        SH:  0    Dex: 15    Spells: 12/19 levels left

rFire    . . .     SeeInvis .   e - staff of energy
rCold    . . .     Gourm    .   (no shield)
rNeg     + . .     Faith    .   a - +0 robe
rPois    .         Spirit   .   (no helmet)
rElec    .         Reflect  .   l - +0 cloak
rCorr    .         Harm     .   g - +1 pair of gloves
MR       .....                  (no boots)
Stlth    +++.......             (no amulet)
Regen    0.2/turn               h - ring of positive energy
MPRegen  0.2/turn               (no ring)

@: no status effects
A: no striking features
a: no special abilities


You were in an ossuary.
You were not hungry.

You visited 1 branch of the dungeon, and saw 4 of its levels.
You also visited: Ossuary.

You collected 166 gold pieces.

Inventory:

Hand Weapons
 f - a +0 whip
 j - a +0 dagger
Armour
 a - a +0 robe (worn)
 g - a +1 pair of gloves (worn)
 l - a +0 cloak (worn)
Magical Staves
 e - an uncursed staff of energy (weapon)
Jewellery
 h - a ring of positive energy (left hand)
Scrolls
 d - a scroll of recharging {unknown}
 q - a scroll of amnesia
Potions
 i - a potion of haste
 o - 3 potions of curing
Books
 b - a book of Conjurations

   Spells                             Type                      Level
   a - Magic Dart                     Conjuration                  1
   b - Searing Ray                    Conjuration                  2
   c - Dazzling Spray                 Conjuration/Hexes            3
   d - Fulminant Prism                Conjuration/Hexes            4
   e - Force Lance                    Conjuration/Translocation    4
   f - Iskenderun's Mystic Blast      Conjuration                  4
Comestibles
 c - 3 bread rations
 m - 9 fruits
 r - a royal jelly
 s - a meat ration


   Skills:
 + Level 0.8 Fighting
 + Level 3.0 Dodging
 + Level 3.9 Stealth
 + Level 6.8 Spellcasting
 + Level 7.1 Conjurations


You had 12 spell levels left.
You knew the following spells:

 Your Spells              Type           Power        Failure   Level  Hunger
a - Magic Dart            Conj           ####         1%          1    None
b - Searing Ray           Conj           #####.       1%          2    None
c - Iskenderun's Mystic   Conj           #####...     4%          4    None


Dungeon Overview and Level Annotations

Branches:
Dungeon (4/15)
 Temple: D:4-7

Altars:
Trog


Message History

(Press . to maintain the ray.)
The centaur warrior zombie hits you. x2
* * * LOW HITPOINT WARNING * * *
The searing ray hits the centaur warrior zombie.
The centaur warrior zombie is heavily damaged.
The centaur warrior zombie barely misses you.
Without enough magic to sustain it, your searing ray dissipates.
The centaur warrior zombie closely misses you.
Casting: Searing Ray
Confirm with . or Enter, or press ? or * to list all spells.
Aiming: Magic Dart
Press: ? - help, Shift-Dir - straight line, f/p - centaur warrior zombie
Aim: a centaur warrior zombie (heavily damaged)
The magic dart hits the centaur warrior zombie.
The centaur warrior zombie is severely damaged.
The centaur warrior zombie hits you.
* * * LOW HITPOINT WARNING * * *
It was a potion of magic.
Magic courses through your body. The centaur warrior zombie hits you.
You die...

##### #
#...#.+
#@Z.'.#
#∩..#≈+
##### #


You could see a centaur warrior zombie.

Vanquished Creatures
  Sigmund (D:3)
  A centaur zombie (Ossuary)
  An orc priest (D:3)
  An orc wizard (D:3)
  Natasha (thrice) (D:2)
  A hound zombie (Ossuary)
  A mummy (D:4)
  Robin (D:2)
  4 gnolls
  3 adders
  An adder zombie (Ossuary)
  6 worms
  3 dart slugs
  3 leopard geckos
  16 orcs
  7 bats
  2 giant cockroaches (D:2)
  9 hobgoblins
  11 jackals
  12 kobolds
  A ball python (D:2)
  A frilled lizard (D:2)
  14 goblins
  13 rats
116 creatures vanquished.

Notes
Turn   | Place    | Note
-------+----------+-------------------------------------------
     0 | D:1      | nikopol the Deep Elf Conjurer began the quest for the Orb.
     0 | D:1      | Reached XP level 1. HP: 10/10 MP: 6/6
   115 | D:1      | Reached XP level 2. HP: 15/15 MP: 6/8
   458 | D:1      | Reached skill level 5 in Conjurations
   744 | D:1      | Reached XP level 3. HP: 19/19 MP: 6/9
   840 | D:2      | Noticed Robin
   933 | D:1      | Learned a level 2 spell: Searing Ray
  1030 | D:2      | Killed Robin
  1232 | D:2      | Reached XP level 4. HP: 24/24 MP: 6/12
  1450 | D:2      | Noticed Natasha
  1454 | D:2      | Killed Natasha
  1479 | D:2      | Noticed a moth of wrath
  1482 | D:2      | Found a bloodstained altar of Trog.
  1920 | D:2      | Noticed Natasha
  1995 | D:2      | Killed Natasha
  1995 | D:2      | Reached XP level 5. HP: 17/28 MP: 8/14
  2026 | D:2      | Noticed Natasha
  2071 | D:2      | Killed Natasha
  2071 | D:2      | Reached skill level 5 in Spellcasting
  2114 | D:3      | Noticed Sigmund
  2370 | D:3      | Learned a level 4 spell: Iskenderun's Mystic Blast
  2386 | D:3      | Reached skill level 6 in Conjurations
  2814 | D:3      | Killed Sigmund
  2814 | D:3      | Reached XP level 6. HP: 16/33 MP: 7/17
  3829 | D:4      | Reached XP level 7. HP: 37/37 MP: 13/18
  3832 | D:4      | Found a sand-covered staircase.
  3839 | D:4      | Reached skill level 7 in Conjurations
  3904 | Ossuary  | Entered an ossuary
  4001 | Ossuary  | Slain by a centaur warrior zombie

Vault maps used:
D:1:      dpeg_arrival_morbid_curiosity
D:2:      tgw_trog, uniq_natasha, uniq_robin
D:3:      first_bread, uniq_sigmund
D:4:      serial_shops, shop, gup_ossuary_entry_pyramid, uniq_blork_the_orc,
          uniq_grinder
Ossuary:  ossuary_zaba_flooded

Skill      XL: |  1  2  3  4  5  6  7 |
---------------+----------------------+-----
Conjurations   | 5 6 7 |  7.1
Spellcasting   | 4 6 |  6.8
Stealth        | 3 |  3.9
Dodging        | 3 |  3.0
Fighting       | |  0.8

Action                   |  1- 3 |  4- 6 |  7- 9 || total
-------------------------+-------+-------+-------++-------
Melee: Dagger            |     1 |       |       ||     1
 Cast: Magic Dart        |    84 |   134 |    19 ||   237
       Searing Ray       |     1 |    15 |     4 ||    20
       Iskenderun's Myst |       |     1 |       ||     1
  Use: Scroll            |       |     8 |       ||     8
       Potion            |       |       |     1 ||     1
  Eat: Chunk             |     1 |     8 |       ||     9
Armor: Robe              |     8 |     6 |     2 ||    16
Dodge: Dodged            |    28 |    36 |    16 ||    80
